 Dungeon Crawl Stone Soup version 0.22-a0-750-ga7dcef7 (webtiles) character file.

182 Mamutox the Chopper (level 5, -1/50 HPs)
             Began as an Ogre Skald on July 15, 2018.
             Slain by a jelly (3 damage)
             ... on level 3 of the Dungeon.
             The game lasted 00:11:49 (4219 turns).

Mamutox the Chopper (Ogre Skald)                    Turns: 4219, Time: 00:11:50

Health: -1/50      AC:  1    Str: 15    XL:     5   Next: 62%
Magic:  8/8        EV: 10    Int: 14    God:
Gold:   197        SH:  0    Dex:  9    Spells: 3/8 levels left

rFire    . . .     SeeInvis .   a - +0 hand axe
rCold    . . .     Gourm    .   (no shield)
rNeg     . . .     Faith    .   b - +0 robe
rPois    .         Spirit   .   (helmet restricted)
rElec    .         Reflect  .   (no cloak)
rCorr    .         Harm     .   (gloves unavailable)
MR       .....                  (boots unavailable)
Stlth    +.........             (no amulet)
HPRegen  0.16/turn              m - +6 ring of protection
MPRegen  0.11/turn              (no ring)

@: corroded
A: large, unfitting armour, tough skin 1
a: no special abilities


You were on level 3 of the Dungeon.
You were not hungry.

You visited 1 branch of the dungeon, and saw 3 of its levels.

You collected 197 gold pieces.

Inventory:

Hand Weapons
 a - a +0 hand axe (weapon)
Missiles
 f - 6 tomahawks (quivered)
 r - 2 throwing nets
Armour
 b - a +0 robe (worn)
Jewellery
 m - a +6 ring of protection (left hand)
 p - an uncursed amulet of faith {unknown}
Scrolls
 c - a scroll of magic mapping {unknown}
 g - a scroll of enchant weapon {unknown}
 h - 2 scrolls of identify {unknown}
 i - a scroll of remove curse {unknown}
Potions
 e - 4 potions of curing {unknown}
 j - a potion of might {unknown}
 k - a potion of haste {unknown}
 n - a potion of flight {unknown}
 o - a potion of degeneration {unknown}
 q - a potion of mutation {unknown}
 s - a potion of brilliance {unknown}
 t - 2 potions of lignification {unknown}
Comestibles
 d - 9 rations
 l - 3 chunks of flesh


   Skills:
 - Level 2.7 Fighting
 - Level 5.5 Axes
 - Level 2.1 Dodging
 + Level 2.4 Spellcasting
 + Level 2.8 Charms
 + Level 0.0 Translocations


You had 3 spell levels left.
You knew the following spells:

 Your Spells              Type           Power        Failure   Level  Hunger
a - Infusion              Chrm           #...         7%          1    #......
c - Song of Slaying       Chrm           #.......     11%         2    ###....
s - Shroud of Golubria    Chrm/Tloc      #.........   19%         2    ###....

Your spell library contained the following spells:

 Spells                   Type           Power        Failure   Level  Hunger
 Regeneration             Chrm/Necr      #.........   36%         3    ###....
 Spectral Weapon          Hex/Chrm       #.......     36%         3    ###....


Dungeon Overview and Level Annotations

Branches:
Dungeon (3/15)

Altars:
Cheibriados


Innate Abilities, Weirdness & Mutations

You are too large for most types of armour.
You have tough skin. (AC +1)


Message History

The jelly barely misses you.
You hit the jelly.
Your hands burn!
The jelly is heavily wounded.
The jelly hits you but does no damage.
You hit the jelly but do no damage.
Your hands burn!
The jelly is heavily wounded.
The jelly hits you. The acid corrodes you!
You are splashed with acid!
The acid burns!
You hit the jelly.
Your hands burn!
* * * LOW HITPOINT WARNING * * *
The jelly is almost dead.
The jelly hits you.
* * * LOW HITPOINT WARNING * * *
You are splashed with acid!
The acid burns!
* * * LOW HITPOINT WARNING * * *
You hit the jelly but do no damage.
Your hands burn!
* * * LOW HITPOINT WARNING * * *
The jelly is almost dead.
The jelly hits you.
You die...

#...
###################
##...
#..................
# .....
#.#########.###.##
.. ##.. #.# #####.#
#.# ..< #####< #.#
#.....# #.# ....
...... #.#
#.###.###.##.....
##### #.# #.#
#............ #.#
#.###.###@##....
#.# #.....# #J# .
#.# ###.#.# #..
#### ##.# #.#.#
#### #.). ...#
#.#.# #.## ####
#.#.# #.## # #.#.#
#.## # #...# #.##
###### ###.# #..#


You could see a jelly.

Vanquished Creatures
  An orc wizard (D:3)
  5 adders
  2 oozes
  4 worms
  3 dart slugs
  2 leopard geckos
  8 orcs (D:3)
  7 giant cockroaches
  7 goblins
  7 hobgoblins
  6 jackals
  5 kobolds
  A quokka (D:2)
  3 bats
  5 frilled lizards
  6 rats
72 creatures vanquished.

Notes
Turn   | Place    | Note
-------+----------+-------------------------------------------
     0 | D:1      | Mamutox the Ogre Skald began the quest for the Orb.
     0 | D:1      | Reached XP level 1. HP: 22/22 MP: 3/3
   378 | D:1      | Reached XP level 2. HP: 27/29 MP: 5/5
  1026 | D:1      | Reached skill level 3 in Axes
  1126 | D:1      | Learned a level 2 spell: Shroud of Golubria
  1129 | D:1      | Learned a level 2 spell: Song of Slaying
  1173 | D:1      | Reached XP level 3. HP: 29/36 MP: 6/6
  1419 | D:1      | HP: 1/36 [adder (2)]
  1818 | D:2      | Reached skill level 4 in Axes
  1818 | D:2      | Reached XP level 4. HP: 15/44 MP: 5/7
  1850 | D:2      | HP: 2/44 [poisoned by an adder]
  3361 | D:2      | Found a snail-covered altar of Cheibriados.
  3422 | D:3      | Reached XP level 5. HP: 36/50 MP: 8/8
  3633 | D:3      | Reached skill level 5 in Axes
  4218 | D:3      | HP: 2/50 [acid (10)]
  4219 | D:3      | Slain by a jelly

Vault maps used:
D:1:      dpeg_chamrin_arrival_tetris
D:2:      kennysheep_slug_shrine
D:3:      first_ration, kennysheep_generic_room_10

Skill      XL: |  1  2  3  4  5 |
---------------+----------------+-----
Axes           | 3 4 5 |  5.5
Fighting       | |  2.7
Dodging        | |  2.1
Spellcasting   | |  2.4
Charms         | |  2.8

Action                   |  1- 3 |  4- 6 || total
-------------------------+-------+-------++-------
Melee: Hand axe          |   113 |   193 ||   306
 Cast: Infusion          |     2 |     1 ||     3
       Shroud of Golubri |     2 |     1 ||     3
       Song of Slaying   |     1 |     1 ||     2
  Eat: Chunk             |     3 |     8 ||    11
Armor: Robe              |    36 |    90 ||   126
Dodge: Dodged            |    65 |   121 ||   186

Table legend:
 A = Spawn XP
 B = Non-spawn XP
 C = Spawn XP percentage of total XP
 D = Spawn monster count
 E = Non-spawn monster count
 F = Spawn count percentage of total count
 G = Total turns spent on level
                    A         B        C        D         E        F      G
               +---------+---------+-------+---------+---------+-------+---------
         Total |       0 |     261 |   0.0 |       0 |      72 |   0.0 |  4219
               +---------+---------+-------+---------+---------+-------+---------
           D:1 |       0 |      54 |   0.0 |       0 |      21 |   0.0 |  1920
           D:2 |       0 |     106 |   0.0 |       0 |      27 |   0.0 |  1467
           D:3 |       0 |     101 |   0.0 |       0 |      24 |   0.0 |   832
               +---------+---------+-------+---------+---------+-------+---------
